 Dungeon Crawl Stone Soup version 0.25-a0-245-gd0e028f (webtiles) character file.

Game seed: 14283667948396408527, levelgen mode: deterministic

2828 Atlas the Stinger (level 9, -1/57 HPs)
             Began as an Octopode Venom Mage on Dec 3, 2019.
             Was a Believer of Sif Muna.
             Slain by a yak (6 damage)
             ... while petrified by a basilisk
             ... on level 8 of the Dungeon.
             The game lasted 00:14:56 (8285 turns).

Atlas the Stinger (Octopode Venom Mage)             Turns: 8285, Time: 00:14:56

Health: -1/57      AC:  2    Str:  9    XL:     9   Next: 73%
Magic:  5/17       EV:  2    Int: 20    God:    Sif Muna [**....]
Gold:   414        SH:  0    Dex: 13    Spells: 5/19 levels left

rFire    + . .     SeeInvis .   x - +1 short sword (drain)
rCold    . . .     Gourm    .   (no shield)
rNeg     + + +     Faith    .   z - +1 hat
rPois    ∞         Spirit   .   (no amulet)
rElec    .         Reflect  .   t - +2 ring of strength
rCorr    .         Harm     .   C - ring of protection from fire
MR       .....                  (no ring)
Stlth    ++++......             (no ring)
HPRegen  0.19/turn              (no ring)
MPRegen  0.15/turn              (no ring)
                                (no ring)
                                (no ring)

@: petrified
A: almost no armour, stealthy swim, amphibious, 8 rings, constrict 8, camouflage
1, gelatinous body 1
a: Channel Magic, Renounce Religion


You were on level 8 of the Dungeon.
You worshipped Sif Muna.
Sif Muna was pleased with you.
You were not hungry.

You visited 1 branch of the dungeon, and saw 8 of its levels.

You collected 414 gold pieces.

Inventory:

Hand Weapons
 w - a +0 dagger of venom
 x - a +1 short sword of draining (weapon)
Missiles
 j - 5 silver javelins (quivered)
Armour
 z - a +1 hat (worn)
Jewellery
 t - a +2 ring of strength (left tentacle)
 C - a ring of protection from fire (right tentacle)
Wands
 n - a wand of iceblast (5)
 u - a wand of random effects (11)
 A - a wand of digging (4)
 E - a wand of disintegration (14)
Scrolls
 d - 5 scrolls of remove curse
 f - 3 scrolls of amnesia {unknown}
 h - a scroll of immolation {unknown}
 i - 7 scrolls of identify
 l - 2 scrolls of random uselessness {unknown}
 p - a scroll of enchant weapon {unknown}
 q - 4 scrolls of fear {unknown}
 s - 3 scrolls of enchant armour {unknown}
 y - 3 scrolls of teleportation {unknown}
 B - a scroll of noise {unknown}
 D - a scroll of fog {unknown}
Potions
 a - a potion of ambrosia
 c - 4 potions of agility
 e - 4 potions of haste
 g - 2 potions of lignification {unknown}
 k - 2 potions of degeneration
 m - 3 potions of heal wounds
 o - a potion of brilliance {unknown}
 r - 5 potions of curing {unknown}
 v - a potion of magic {unknown}
Comestibles
 b - 24 rations
 F - 3 chunks of flesh


   Skills:
 + Level 3.3 Fighting
 + Level 4.9 Short Blades
 + Level 4.2 Dodging
 + Level 6.8 Stealth
 + Level 1.9 Unarmed Combat
 + Level 5.6 Spellcasting
 + Level 1.4 Conjurations
 + Level 2.5 Transmutations
 + Level 2.2 Fire Magic
 + Level 3.6 Air Magic
 + Level 7.0 Poison Magic
 + Level 0.2 Evocations


You had 5 spell levels left.
You knew the following spells:

 Your Spells              Type           Power        Failure   Level  Hunger
a - Poisonous Vapours     Pois/Air       ####..       1%          2    None
b - Sting                 Tmut/Pois      ###.         1%          1    None
c - Mephitic Cloud        Conj/Pois/Air  ###.....     6%          3    ##.....
d - Olgreb's Toxic Radia  Pois           ####....     6%          4    ####...
e - Ignite Poison         Fire/Tmut/Pois ###.....     6%          3    ##.....
f - Summon Butterflies    Summ           #.......     11%         1    None

Your spell library contained the following spells:

 Spells                   Type           Power        Failure   Level  Hunger
 Apportation              Tloc           #.....       11%         1    None
 Lesser Beckoning         Tloc           #.........   32%         3    ##.....
 Tukima's Dance           Hex            #.......     32%         3    ##.....
 Alistair's Intoxication  Tmut/Pois      ###.....     38%         5    #####..
 Invisibility             Hex            #.......     100%        6    #######


Dungeon Overview and Level Annotations

Branches:
Dungeon (8/15)             Temple (0/1) D:4            Lair (0/6) D:8

Altars:
Gozag
Hepliaklqana
Kikubaaqudgha
Sif Muna
Trog
Xom
Zin


Innate Abilities, Weirdness & Mutations

You cannot wear most types of armour.
You are very stealthy in the water. (Stealth+)
You are amphibious.
You can wear up to eight rings at the same time.
You can use your tentacles to constrict eight enemies at once.
Your skin changes colour to match your surroundings (Stealth+).
Your rubbery body absorbs attacks. (AC +1, EV +1)


Message History

There is a stone staircase leading up here.
The basilisk gazes at you. You resist with some effort.
You have turned to stone.
The yak gores you! The porcupine bites you! The basilisk bites you.
The porcupine bites you. The basilisk gazes at you. The yak gores you!
The basilisk gazes at you. The porcupine bites you. The yak gores you!
The yak gores you! The porcupine bites you! The yak gores you.
The porcupine bites you! The yak gores you! The basilisk bites you.
* * * LOW HITPOINT WARNING * * *
The basilisk bites you.
* * * LOW HITPOINT WARNING * * *
The yak gores you!
* * * LOW HITPOINT WARNING * * *
The porcupine bites you!
* * * LOW HITPOINT WARNING * * *
The yak gores you!
You die...

...PP.........#
.....P...†....#
..........÷...#
...PP......###
...P.P.....# #
##.....$.##
#.###........##
.##...lYr.......########
......l@Y........#.....#
...##........##.........
>#........####...P..#
#....................^
....##..##............#
.......(###............+
.##.##...<.............+
#. ##..>...(.........#
....####............


You could see 2 yaks, 2 basilisks and a porcupine.

Vanquished Creatures
  A wyvern (D:6)
  3 yaks (D:8)
  Menkaure (D:3)
  3 porcupines (D:8)
  A water moccasin (D:6)
  A sky beast (D:7)
  2 phantoms
  An ice beast (D:7)
  An ogre (D:5)
  2 crocodiles (D:8)
  2 bullfrogs
  A wyvern zombie (D:7)
  2 howler monkeys (D:7)
  3 crimson imps
  Crazy Yiuf (D:6)
  A bullfrog skeleton (D:4)
  A centaur skeleton (D:6)
  An orc priest (D:5)
  2 hounds
  4 orc wizards
  Terence (D:3)
  An iguana (D:7)
  3 worker ants
  2 hound skeletons
  A hound zombie (D:8)
  4 gnolls (D:5)
  A worker ant zombie (D:7)
  A howler monkey skeleton (D:6)
  14 adders
  A shadow imp (D:5)
  An ooze (D:4)
  An adder zombie (D:5)
  3 worms
  3 dart slugs
  8 leopard geckos
  28 orcs
  A ball python (D:3)
  5 bats
  5 giant cockroaches
  6 goblins
  4 hobgoblins
  9 jackals
  3 quokkas
  4 frilled lizards
  5 kobolds
  10 rats
159 creatures vanquished.

Vanquished Creatures (others)
  A wizard (D:5)
  An orc wizard (D:5)
  A fungus (D:6)
3 creatures vanquished.

Grand Total: 162 creatures vanquished

Notes
Turn   | Place    | Note
-------+----------+-------------------------------------------
     0 | D:1      | Atlas the Octopode Venom Mage began the quest for the Orb.
     0 | D:1      | Reached XP level 1. HP: 11/11 MP: 3/3
   217 | D:1      | Reached XP level 2. HP: 17/17 MP: 3/5
   517 | D:1      | Learned a level 2 spell: Poisonous Vapours
   785 | D:2      | Reached XP level 3. HP: 21/21 MP: 3/6
   817 | D:2      | Learned a level 3 spell: Mephitic Cloud
  1409 | D:2      | Reached XP level 4. HP: 19/27 MP: 4/7
  1681 | D:2      | Reached skill level 1 in Unarmed Combat
  2158 | D:3      | Reached XP level 5. HP: 21/31 MP: 0/9
  2302 | D:3      | Reached skill level 4 in Poison Magic
  2351 | D:3      | Found a shimmering blue altar of Sif Muna.
  2357 | D:3      | Became a worshipper of Sif Muna the Loreminder
  2396 | D:3      | Noticed Terence
  2403 | D:3      | Killed Terence
  2799 | D:3      | Found a glowing silver altar of Zin.
  2806 | D:3      | Reached skill level 1 in Air Magic
  3458 | D:4      | Noticed Menkaure
  3469 | D:3      | Killed Menkaure
  3469 | D:3      | Reached XP level 6. HP: 19/36 MP: 9/11
  3541 | D:4      | Found a staircase to the Ecumenical Temple.
  3622 | D:4      | Reached skill level 1 in Short Blades
  4051 | D:4      | Reached skill level 5 in Poison Magic
  4193 | D:4      | Found a shimmering altar of Xom.
  4193 | D:4      | Found an ancient bone altar of Kikubaaqudgha.
  4198 | D:4      | Reached * piety under Sif Muna
  4311 | D:5      | Entered Level 5 of the Dungeon
  4326 | D:5      | Reached XP level 7. HP: 36/42 MP: 9/12
  4609 | D:4      | Learned a level 4 spell: Olgreb's Toxic Radiance
  4613 | D:4      | Learned a level 3 spell: Ignite Poison
  4867 | D:5      | Found a hazy altar of Hepliaklqana.
  4920 | D:5      | Reached skill level 1 in Fighting
  5421 | D:5      | Reached skill level 5 in Stealth
  5580 | D:5      | Found a bloodstained altar of Trog.
  5581 | D:5      | Noticed a wizard
  5586 | D:5      | Killed a wizard
  5685 | D:6      | Reached XP level 8. HP: 39/48 MP: 6/14
  5748 | D:6      | Noticed a wyvern
  5756 | D:6      | Killed a wyvern
  5828 | D:6      | Reached ** piety under Sif Muna
  6284 | D:6      | Reached skill level 6 in Poison Magic
  6529 | D:6      | Found a runed translucent door.
  6530 | D:6      | Noticed Crazy Yiuf
  6548 | D:6      | Killed Crazy Yiuf
  6869 | D:7      | Reached skill level 1 in Fire Magic
  7078 | D:7      | Learned a level 1 spell: Summon Butterflies
  7251 | D:7      | Reached XP level 9. HP: 45/55 MP: 16/16
  7701 | D:7      | Reached skill level 5 in Spellcasting
  7831 | D:7      | Found an opulent altar of Gozag.
  8256 | D:8      | Found a staircase to the Lair.
  8269 | D:8      | Reached skill level 1 in Conjurations
  8270 | D:8      | Reached skill level 7 in Poison Magic
  8285 | D:8      | Slain by a yak

Levels and vault maps discovered:
D:1:      noname_arrival_rooms_in_the_neighbourhood, layout_basic, minivault_14
D:2:      minmay_skewed_foursquare, layout_rooms
D:3:      layout_basic, led_sif_pool, overflow_temple_1_default, first_ration,
          wander_ebering_terrifying_dragon_lair, uniq_terence
D:4:      layout_rooms, amethyst_overflow_temple_binary,
          minmay_temple_entry_slanted, uniq_menkaure
D:5:      layout_loops_ring, lemuel_crystal_altar, trog_wizard
D:6:      layout_loops_ring, nrook_mini_backslash, uniq_crazy_yiuf_cottage
D:7:      layout_basic, lemuel_doored_altar
D:8:      layout_rooms, minmay_lair_entry_grove, minmay_strange_pillars,
          blue_anna_alchemist [blue_anna_fruit_fields, blue_anna_fruit_fields],
          minmay_misc_feat_doors, uniq_maurice

Skill      XL: |  1  2  3  4  5  6  7  8  9 |
---------------+----------------------------+-----
Stealth        | 3 4 5 6 |  6.8
Dodging        | 3 4 |  4.2
Unarmed Combat | 1 |  1.9
Poison Magic   | 4 5 6 7 |  7.0
Spellcasting   | 3 4 5 |  5.6
Air Magic      | 1 2 3 |  3.6
Short Blades   | 1 2 4 |  4.9
Fighting       | 1 2 3 |  3.3
Transmutations | 2 |  2.5
Fire Magic     | 1 2 |  2.2
Conjurations   | 1 |  1.4
Evocations     | |  0.2

Action                   |  1- 3 |  4- 6 |  7- 9 || total
-------------------------+-------+-------+-------++-------
Melee: Unarmed           |    52 |    52 |       ||   104
       Constrict         |    17 |    22 |    31 ||    70
       Tentacles         |     9 |    20 |    24 ||    53
       Short sword       |       |    30 |   177 ||   207
       Punch             |       |       |     4 ||     4
 Cast: Sting             |    13 |       |       ||    13
       Poisonous Vapours |    14 |    42 |    22 ||    78
       Mephitic Cloud    |       |       |     8 ||     8
       Olgreb's Toxic Ra |       |       |     5 ||     5
       Ignite Poison     |       |       |    12 ||    12
Evoke: Wand              |       |       |     4 ||     4
  Use: Scroll            |       |     4 |       ||     4
       Potion            |       |     4 |       ||     4
 Stab: Sleeping          |     1 |     6 |    11 ||    18
       Confused          |       |       |     1 ||     1
       Distracted        |       |       |     1 ||     1
  Eat: Chunk             |     3 |    11 |    12 ||    26
       Ration            |       |       |     1 ||     1
Armor: Skin              |     5 |     2 |    22 ||    29
Dodge: Dodged            |    35 |    48 |   104 ||   187

Table legend:
 A = Non-vault XP
 B = Vault XP
 C = Vault XP percentage of total XP
 D = Non-vault monster count
 E = Vault monster count
 F = Vault count percentage of total count
                 A         B        C        D         E       F
            +---------+---------+-------+---------+---------+-------
      Total |    2681 |    1360 |  33.7 |     145 |      15 |   9.4
            +---------+---------+-------+---------+---------+-------
        D:1 |      31 |       0 |   0.0 |      18 |       0 |   0.0
        D:2 |     103 |       8 |   7.2 |      17 |       4 |  19.0
        D:3 |     107 |     211 |  66.4 |      30 |       3 |   9.1
        D:4 |     129 |       0 |   0.0 |      11 |       0 |   0.0
        D:5 |     553 |       0 |   0.0 |      24 |       0 |   0.0
        D:6 |     868 |      41 |   4.5 |      28 |       1 |   3.4
        D:7 |     724 |       0 |   0.0 |      13 |       0 |   0.0
        D:8 |     166 |    1100 |  86.9 |       4 |       7 |  63.6
            +---------+---------+-------+---------+---------+-------
